 Dungeon Crawl Stone Soup version 0.16.1-4-g8e1b745 (webtiles) character file.

30 valak23 the Gusty (level 3, -12/19 HPs)
             Began as a Tengu Air Elementalist on Mar 26, 2015.
             Mangled by Crazy Yiuf
             ... wielding a +2 quarterstaff of chaos
              (15 damage)
             ... on level 2 of the Dungeon.
             The game lasted 00:05:12 (1304 turns).

valak23 the Gusty (Tengu Air Elementalist)          Turns: 1304, Time: 00:05:14

Health: -12/19     AC:  2    Str:  8    XL:     3   Next: 18%
Magic:  5/7        EV: 12    Int: 16    God:
Gold:   16         SH:  0    Dex: 14    Spells: 2 memorised, 3 levels left

rFire  . . .     SeeInvis .     (no weapon)
rCold  . . .     Clarity  .     a - +0 robe
rNeg   . . .     SustAb   .     (no shield)
rPois  .         Gourm    .     (helmet restricted)
rElec  .         Spirit   .     (no cloak)
rCorr  .         Warding  .     (no gloves)
rMut   .         Stasis   .     (boots unavailable)
MR     .....                    (no amulet)
Stlth  ++........               (no ring)
                                (no ring)

@: not resistant to hostile enchantments, unstealthy
A: beak, talons 3
a: no special abilities


You were on level 2 of the Dungeon.
You were not hungry.

You visited 1 branch of the dungeon, and saw 2 of its levels.

You collected 16 gold pieces.

Inventory:

Armour
 a - a +0 robe (worn)
Scrolls
 c - a scroll of enchant weapon {unknown}
 d - 2 scrolls of identify {unknown}
 e - a scroll of remove curse {unknown}
 g - 2 scrolls of amnesia {unknown}
 j - a scroll of fog {unknown}
Potions
 i - a potion of restore abilities {unknown}
Books
 b - a book of Air

   Spells                             Type                      Level
   a - Shock                          Conjuration/Air              1
   b - Swiftness                      Charms/Air                   2
   c - Repel Missiles                 Charms/Air                   2
   d - Flight                         Charms/Air                   3
   e - Static Discharge               Conjuration/Air              3
   f - Lightning Bolt                 Conjuration/Air              5
Comestibles
 f - a royal jelly
 h - a meat ration
 k - 2 bread rations


   Skills:
 + Level 0.2 Fighting
 + Level 2.2 Dodging
 + Level 2.0 Stealth
 + Level 2.2 Spellcasting
 + Level 1.7 Conjurations
 + Level 5.0 Air Magic


You had 3 spell levels left.
You knew the following spells:

 Your Spells              Type           Power        Failure   Level  Hunger
a - Shock                 Conj/Air       ##..         8%          1    #......
b - Repel Missiles        Chrm/Air       #.....       12%         2    ###....


Dungeon Overview and Level Annotations

Branches:
Dungeon (2/15)

Altars:

Annotations:
D:2 Crazy Yiuf


Innate Abilities, Weirdness & Mutations

You have a beak for a mouth.
You have claws for feet.


Message History

Casting: Shock
Confirm with . or Enter, or press ? or * to list all spells.
Aiming: Shock
Press: ? - help, Shift-Dir - straight line, f/p - Crazy Yiuf
Aim: Crazy Yiuf, wielding a quarterstaff of chaos and wearing a cloak (heavily wounded)
The zap hits Crazy Yiuf.
Crazy Yiuf is severely wounded.
The bat hits you but does no damage.
Casting: Shock
Confirm with . or Enter, or press ? or * to list all spells.
Aiming: Shock
Press: ? - help, Shift-Dir - straight line, f/p - Crazy Yiuf
Aim: Crazy Yiuf, wielding a quarterstaff of chaos and wearing a cloak (severely wounded)
The zap hits Crazy Yiuf.
Crazy Yiuf is severely wounded.
The bat hits you.
* * * LOW HITPOINT WARNING * * *
Crazy Yiuf hits you with a quarterstaff of chaos!
Ouch! That really hurt!
You die...

#%.....♣♣♣♣
##..+..♣♣ ♣ #..###♣♣
#########.##
#.........#
#.........##########
#.........##........
#...†........####...
#..@.....>.........#
#...g...........(...
#..b...........<....
###..........).....#
#.....#...........
#..#.........(....
#..#.##.<....####.
###.#.#.......###..
#..........)...##.#


You could see Crazy Yiuf and a bat.

Vanquished Creatures
  A giant mite (D:1)
  2 bats (D:1)
  A giant cockroach (D:1)
  4 goblins
  5 hobgoblins (D:1)
  A quokka (D:2)
  A giant gecko (D:1)
  4 kobolds
  2 rats
21 creatures vanquished.

Notes
Turn   | Place    | Note
--------------------------------------------------------------
     0 | D:1      | valak23, the Tengu Air Elementalist, began the quest for the Orb.
     0 | D:1      | Reached XP level 1. HP: 10/10 MP: 3/3
    56 | D:1      | Reached XP level 2. HP: 15/15 MP: 0/5
   752 | D:1      | Learned a level 2 spell: Repel Missiles
   904 | D:1      | Reached skill level 5 in Air Magic
   954 | D:1      | Reached XP level 3. HP: 19/19 MP: 4/7
  1228 | D:2      | Noticed Crazy Yiuf
  1304 | D:2      | Mangled by Crazy Yiuf

Action                   || total
-------------------------++-------
Melee: Unarmed           ||    14
 Cast: Shock             ||    48
  Eat: Bread ration      ||     1
